Map: Dusk Towers

Players

LilDicky - Winner!

  • Race: Protoss Protoss
  • League: Diamond

lllllllIIII

  • Race: Terran Terran
  • League: Platinum

VOD

http://www.twitch.tv/tumescentpie

Description

Time

  • Played on: Jan. 4, 2016, 12:52 a.m.
  • Length: 10:01
Show
View Real Time Build Order
Export as new Build Order

LilDicky Protoss - Winner!

Build Orders:  

Get SALT Encoding   

  12  0:03  Probe (Chrono Boost)  
  13  0:13  Probe (Chrono Boost)  
  14  0:19  Pylon  
  14  0:29  Probe (Chrono Boost)  
  15  0:40  Gateway  
  15  0:43  Assimilator  
  15  0:44  Probe (Chrono Boost)  
  16  0:55  Probe (Chrono Boost)  
  17  1:05  Probe (Chrono Boost)  
  18  1:16  Probe (Chrono Boost)  
  19  1:27  Cybernetics Core  
  19  1:28  Pylon  
  19  1:30  Probe (Chrono Boost)  
  20  1:39  Pylon  
  20  1:42  Probe (Chrono Boost)  
  21  1:49  Assimilator  
  21  1:53  Probe (Chrono Boost)  
  22  2:08  Warp Gate (Chrono Boost)  
  22  2:26  Stargate  
  22  2:28  Gateway  
  22  2:30  Gateway  
  22  2:37  Gateway  
  22  2:39  Pylon  
  22  2:40  Probe (Chrono Boost)  
  23  2:44  Pylon  
  23  2:51  Probe  
  24  3:03  Probe  
  25  3:16  Pylon  
  27  3:23  Void Ray (Chrono Boost)  
  29  3:30  Mothership Core  
  27  4:32  Pylon  
  27  4:39  Adept x2  
  27  4:40  Adept  
  29  5:09  Pylon  
  29  5:10  Adept x2  
  29  5:11  Adept  
  35  5:19  Void Ray (Chrono Boost)  
  30  5:39  Adept x3  
  38  5:57  Void Ray (Chrono Boost)  
  32  6:05  Adept x3  
  34  6:39  Adept x2  
  34  6:40  Adept  
  30  7:04  Forge  
  30  7:05  Oracle (Chrono Boost)  
  33  7:13  Zealot  
  33  7:16  Zealot  
  33  7:27  Zealot  
  24  7:54  Adept x3  
  30  8:06  Oracle (Chrono Boost)  
  30  8:25  Nexus  
  30  8:29  Mothership Core  
  30  8:33  Photon Cannon  
  30  8:35  Adept x2  
  30  8:40  Adept  
  30  8:46  Gateway  
  30  8:50  Probe  
  30  9:02  Probe  
  30  9:09  Zealot x3  
  30  9:15  Probe  
  30  9:27  Probe  
Show
View Real Time Build Order
Export as new Build Order

lllllllIIII Terran 

Build Orders: Liberator Opening 

Get SALT Encoding   

  12  0:01  SCV  
  13  0:13  SCV  
  14  0:24  Supply Depot  
  14  0:27  SCV  
  15  0:41  Refinery  
  15  0:45  SCV, Refinery  
  16  0:57  Barracks  
  16  0:58  SCV  
  17  1:05  Supply Depot  
  17  1:10  SCV  
  18  1:22  SCV  
  19  1:34  SCV  
  20  1:46  SCV, Factory  
  21  1:50  Barracks Reactor  
  21  1:58  SCV  
  22  2:10  SCV  
  23  2:22  SCV  
  24  2:40  Hellion x2, Starport  
  24  2:42  Barracks Reactor  
  28  2:44  Orbital Command  
  30  3:06  Hellion  
  30  3:15  Hellion  
  32  3:28  Command Center  
  32  3:29  Liberator  
  32  3:35  Liberator  
  31  3:42  Barracks Tech Lab  
  32  4:24  Widow Mine, Marine  
  32  4:25  Widow Mine  
  32  4:41  Viking x2  
  32  4:42  Marine  
  32  4:44  Stimpack  
  32  5:00  Marine  
  31  5:19  Orbital Command  
  30  5:23  Supply Depot  
  29  5:33  Widow Mine  
  29  5:35  Widow Mine  
  30  5:39  Marine  
  29  5:46  Supply Depot  
  27  5:57  Marine  
  12  6:58  Marine  
  13  7:03  Viking  
  13  7:06  Barracks  
  4  7:58  Marine  
Tags
 
Add a new tag
Caveats
  • Supply blocks, unpowered buildings, or Contaminate may cause inaccurate times.
  • Supply counts are checked every 10 seconds.